AoeStats
← Long John Silver

Black Forest

508500039Analyzed
4v4 RM · 9d ago on Sep 22, 2026· 50m 15s· 8 players
Game mode
Random Map
Map size
Large (8 player)
Population
200
Speed
Normal
Resources
Standard
Victory
Conquest
Starting age
Dark Age
Ending age
Imperial Age
RankedLock teamsTeams togetherTeam positionsShared explorationLock speedFull tech treeHidden civsTurbo modeCheats
Victory
Defeat
🇻🇳 Italians · Vietnam
1486
+17
🇻🇳 Georgians · Vietnam
1448
+18
🇻🇳 Turks · Vietnam
1409
+20
🇻🇳 Persians · Vietnam
1399
+20
🇺🇸 Danes · United States
1550
-21
🇹🇼 Saxons · Taiwan
1488
-18
🇩🇪 Saracens · Germany
1477
-18
🇨🇿 Persians · Czechia
1470
-18
qwer
1:05 Loom
13:09 Feudal Age
17:13 Castle Age
15:40 Double-Bit Axe
15:49 Stone Mining
25:11 Wheelbarrow
25:20 Gold Mining
25:41 Bow Saw
25:19 Horse Collar
26:41 Hand Cart
26:50 Heavy Plow
31:03 Imperial Age
29:27 Scale Mail Armor
30:25 Gold Shaft Mining
30:08 Forging
30:22 Squires
30:55 Chain Mail Armor
31:22 Arson
32:25 Plate Mail Armor
31:38 Capped Ram
33:55 Iron Casting
32:50 Elite Varangian Guard
34:02 Pikeman
34:28 Gambesons
34:04 Man-at-Arms
36:41 Blast Furnace
35:32 Fletching
35:41 Halberdier
38:00 Siege Ram
39:17 Bodkin Arrow
40:43 Bracer
40:43 Padded Archer Armor
40:28 Onager
43:24 Siege Engineers
46:38 Siege Onager
Mr_Asphalt
8:35 Loom
11:46 Feudal Age
15:42 Castle Age
14:47 Double-Bit Axe
16:13 Fishing Lines
16:45 Bow Saw
19:47 Horse Collar
20:33 Gillnets
21:07 Heavy Plow
24:25 Gold Mining
25:29 Wheelbarrow
26:36 Gold Shaft Mining
25:53 Stone Mining
27:52 Hand Cart
28:35 Stone Shaft Mining
30:40 Imperial Age
29:11 Scale Barding Armor
29:22 Masonry
30:26 Chain Barding Armor
30:17 Forging
31:35 Elite War Elephant
32:36 Conscription
32:55 Plate Barding Armor
32:56 Iron Casting
33:35 Two-Man Saw
33:08 Crop Rotation
32:35 Fletching
33:48 Chemistry
33:13 Ballistics
33:46 Citadels
35:22 Husbandry
35:33 Bloodlines
36:25 Blast Furnace
35:24 Bodkin Arrow
35:46 Town Watch
37:10 Hoardings
37:10 Devotion
39:31 Caravan
42:51 Architecture
48:01 Block Printing
虞小梅
1:07 Loom
11:30 Feudal Age
13:17 Double-Bit Axe
16:27 Castle Age
15:56 Gold Mining
16:23 Fishing Lines
18:05 Bow Saw
20:10 Scale Mail Armor
21:56 Gillnets
23:23 Wheelbarrow
28:03 Horse Collar
34:41 Imperial Age
32:30 Hand Cart
33:04 Chain Mail Armor
34:19 Gold Shaft Mining
33:34 Stone Mining
34:55 Squires
35:58 Plate Mail Armor
36:14 Forging
36:42 Conscription
35:54 Capped Ram
36:50 Treadmill Crane
37:54 Ballistics
36:58 Siege Ram
37:55 Heavy Plow
38:16 Gambesons
40:03 Iron Casting
39:29 Elite Varangian Guard
41:05 Siege Engineers
44:03 Two-Man Saw
42:52 Shield Wall
46:23 Coinage
45:48 Fletching
45:49 Pikeman
46:41 Halberdier
47:58 Bodkin Arrow
49:06 Chemistry
47:57 Guard Tower
Long John Silver
8:53 Feudal Age
9:22 Double-Bit Axe
13:29 Fletching
20:46 Castle Age
20:44 Wheelbarrow
19:50 Horse Collar
20:01 Gold Mining
21:45 Bow Saw
21:40 Heavy Plow
23:07 Fishing Lines
25:59 Hand Cart
25:30 Town Watch
25:31 Loom
27:40 Gillnets
29:38 Stone Mining
Giáp 95
10:41 Feudal Age
11:09 Double-Bit Axe
15:55 Castle Age
16:36 Bow Saw
18:25 Horse Collar
19:06 Fishing Lines
21:34 Gillnets
25:55 Heavy Plow
29:00 Imperial Age
27:35 Wheelbarrow
26:46 Loom
27:14 Forging
27:13 Scale Barding Armor
27:37 Town Watch
27:46 Gold Mining
27:47 Stone Mining
28:49 Hand Cart
29:13 Iron Casting
30:04 Chain Barding Armor
31:00 Blast Furnace
30:38 Gold Shaft Mining
30:38 Stone Shaft Mining
31:56 Chemistry
31:16 Ballistics
31:57 Plate Barding Armor
31:49 Conscription
31:36 Scale Mail Armor
31:36 Padded Archer Armor
31:26 Fletching
32:07 Crop Rotation
32:41 Two-Man Saw
31:57 Elite War Elephant
35:08 Chain Mail Armor
35:26 Citadels
35:24 Caravan
35:55 Coinage
35:52 Bloodlines
35:43 Husbandry
37:16 Hoardings
38:46 Plate Mail Armor
37:37 Pikeman
38:18 Squires
38:03 Arson
39:47 Bodkin Arrow
40:08 Devotion
43:14 Halberdier
Nhà vô địt Chow 007
2:25 Loom
13:23 Feudal Age
25:42 Castle Age
23:28 Horse Collar
23:37 Double-Bit Axe
24:27 Gold Mining
28:01 Padded Archer Armor
30:09 Leather Archer Armor
34:43 Wheelbarrow
36:02 Bow Saw
35:52 Heavy Plow
36:43 Stone Mining
41:16 Imperial Age
39:45 Fletching
40:26 Caravan
40:25 Bodkin Arrow
41:57 Ballistics
42:10 Bloodlines
42:01 Husbandry
42:34 Parthian Tactics
42:54 Thumb Ring
43:18 Heavy Cavalry Archer
45:23 Bracer
45:48 Sipahi
46:40 Two-Man Saw
47:17 Ring Archer Armor
47:38 Conscription
48:20 Hand Cart
TanLN
6:24 Loom
6:30 Loom
10:56 Feudal Age
12:05 Double-Bit Axe
15:47 Castle Age
14:37 Stone Mining
27:33 Horse Collar
29:11 Scale Barding Armor
32:52 Wheelbarrow
33:30 Stone Shaft Mining
32:46 Gold Mining
33:06 Bow Saw
33:49 Chain Barding Armor
36:49 Imperial Age
35:12 Forging
35:02 Fishing Lines
35:43 Husbandry
35:53 Bloodlines
35:52 Heavy Plow
36:44 Bloodlines
37:27 Elite Monaspa
40:17 Plate Barding Armor
42:46 Iron Casting
42:49 Conscription
42:35 Aznauri Cavalry
45:42 Gillnets
48:28 Blast Furnace
47:20 Light Cavalry
49:46 Caravan
TạNgànCân
1:36 Loom
14:30 Feudal Age
18:31 Castle Age
17:00 Double-Bit Axe
18:12 Fishing Lines
19:34 Bow Saw
20:41 Gold Mining
20:38 Horse Collar
22:59 Stone Mining
26:46 Wheelbarrow
26:55 Heavy Plow
31:18 Imperial Age
29:44 Town Watch
30:18 Hand Cart
30:24 Hand Cart
31:07 Stone Shaft Mining
32:18 Ballistics
32:08 Masonry
33:01 Chemistry
32:06 Elite Genoese Crossbowman
32:51 Fletching
34:04 Bodkin Arrow
34:10 Padded Archer Armor
35:40 Architecture
35:08 Murder Holes
34:54 Treadmill Crane
36:25 Conscription
37:15 Heated Shot
37:40 Bracer
42:59 Leather Archer Armor
46:41 Ring Archer Armor
48:24 Forging
48:15 Scale Mail Armor
Connection lost

Rejoining the realm…

Still unreachable

The connection could not be restored.

Session expired

The server has moved on; the page needs a fresh start.